 Dungeon Crawl Stone Soup version 0.25-a0-713-g4845790 (webtiles) character file.

Game seed: 13359992854939510671, levelgen mode: deterministic

205 BlueFish the Magician (level 5, -8/38 HPs)
             Began as a Mummy Wizard on Apr 6, 2020.
             Mangled by an orc priest
             ... wielding a +0 club
              (9 damage)
             ... on level 4 of the Dungeon.
             The game lasted 00:09:47 (5296 turns).

BlueFish the Magician (Mummy Wizard)                Turns: 5296, Time: 00:09:47

Health: -8/38      AC:  3    Str: 10    XL:     5   Next: 53%
Magic:  5/13       EV: 12    Int: 18    God:
Gold:   139        SH:  0    Dex: 11    Spells: 6/16 levels left

rFire    x . .     SeeInvis .   g - +0 short sword (flame)
rCold    + . .     Gourm    .   (no shield)
rNeg     + + +     Faith    .   a - +0 robe
rPois    ∞         Spirit   .   b - +0 hat
rElec    .         Reflect  .   (no cloak)
rCorr    .         Harm     .   e - +0 pair of gloves
MR       .....                  (no boots)
Stlth    ++........             (no amulet)
HPRegen  0.12/turn              (no ring)
MPRegen  0.13/turn              (no ring)

@: very slightly contaminated
A: no food or potions, fire vulnerability, cold resistance 1, negative energy
resistance 3, torment resistance, unbreathing
a: no special abilities


You were on level 4 of the Dungeon.
You were not hungry.

You visited 1 branch of the dungeon, and saw 4 of its levels.

You collected 139 gold pieces.

Inventory:

Hand Weapons
 g - a +0 short sword of flaming (weapon)
 i - a +0 dagger of protection
Armour
 a - a +0 robe (worn)
 b - a +0 hat (worn)
 e - a +0 pair of gloves (worn)
Wands
 j - a wand of random effects (15)
Scrolls
 c - a scroll of fog
 d - a scroll of immolation {unknown}
 f - 2 scrolls of remove curse
 h - a scroll of enchant armour {unknown}
 k - 4 scrolls of magic mapping


   Skills:
 * Level 1.7 Fighting
 + Level 0.2 Short Blades
 * Level 2.3 Dodging
 * Level 2.2 Stealth
 * Level 6.2 Spellcasting
 + Level 1.2 Conjurations
 + Level 0.7 Summonings
 + Level 0.7 Translocations


You had 6 spell levels left.
You knew the following spells:

 Your Spells              Type           Power        Failure   Level  Hunger
a - Magic Dart            Conj           ##..         7%          1    N/A
b - Blink                 Tloc           N/A          13%         2    N/A
c - Call Imp              Summ           #.......     13%         2    N/A
d - Slow                  Hex            #.......     19%         2    N/A
e - Mephitic Cloud        Conj/Pois/Air  #.......     30%         3    N/A

Your spell library contained the following spells:

 Spells                   Type           Power        Failure   Level  Hunger
 Corona                   Hex            #......      12%         1    N/A
 Ensorcelled Hibernation  Hex/Ice        #.....       19%         2    N/A
 Conjure Flame            Conj/Fire      #.......     26%         3    N/A
 Dazzling Flash           Conj/Hex       #.....       26%         3    N/A
 Confusing Touch          Hex            #.......     34%         3    N/A
 Tukima's Dance           Hex            #.......     34%         3    N/A

Dungeon Overview and Level Annotations

Branches:
Dungeon (4/15)
 Temple: D:4-7

Altars:
Trog
Zin


Innate Abilities, Weirdness & Mutations

You do not eat or drink.
Your flesh is vulnerable to fire.
You are immune to poison.
Your flesh is cold resistant. (rC+)
You are immune to negative energy. (rN+++)
You are immune to unholy pain and torment.
You can survive without breathing.


Message History

The orc priest is almost dead.
The orc hits you with a +0 dagger.
* * * LOW HITPOINT WARNING * * *
The orc priest chortles and stares into space.
The orc priest closely misses you. The orc hits you with a +0 flail.
* * * LOW HITPOINT WARNING * * *
Casting: Mephitic Cloud (safe; 30% risk of failure)
Confirm with . or Enter, or press ? or * to list all spells.
Aiming: Mephitic Cloud (safe; 30% risk of failure)
Press: ? - help, Shift-Dir - straight line, f - you, p - orc priest The ball explodes into a vile cloud!
The stinking cloud engulfs you but does no damage.
The stinking cloud engulfs the orc priest but does no damage.
The orc priest is almost dead.
The stinking cloud engulfs the orc but does no damage. x2
You hear a shout!
The orc hits you with a +0 dagger.
* * * LOW HITPOINT WARNING * * *
The orc priest hits you with a +0 club!
You die...

#...# ...#
.... # #..#
.# ##..# .#
#...##..###
#.○o.....$.
#.☼@oo.....
##o☼##.....
#### ... .


You could see an orc priest (confused) and 3 orcs.

Vanquished Creatures
  A centaur skeleton (D:3)
  Robin (D:2)
  7 adders
  A worm (D:1)
  4 dart slugs
  4 orcs
  3 ball pythons
  6 giant cockroaches
  15 goblins
  8 hobgoblins
  6 jackals (D:3)
  9 kobolds
  3 quokkas
  5 bats
  4 frilled lizards
  10 rats
87 creatures vanquished.

Notes
Turn   | Place    | Note
-------+----------+-------------------------------------------
     0 | D:1      | BlueFish the Mummy Wizard began the quest for the Orb.
     0 | D:1      | Reached XP level 1. HP: 13/13 MP: 5/5
   245 | D:1      | Reached XP level 2. HP: 14/19 MP: 3/7
  1065 | D:1      | Reached XP level 3. HP: 25/25 MP: 7/9
  1069 | D:1      | Learned a level 2 spell: Blink
  1072 | D:1      | Learned a level 2 spell: Call Imp
  1075 | D:1      | Learned a level 2 spell: Slow
  1079 | D:1      | Learned a level 3 spell: Mephitic Cloud
  1509 | D:2      | Reached skill level 5 in Spellcasting
  1558 | D:2      | Noticed Robin
  1620 | D:2      | Killed Robin
  2191 | D:2      | Found a glowing silver altar of Zin.
  2209 | D:2      | Reached XP level 4. HP: 31/31 MP: 3/11
  2723 | D:2      | Reached skill level 1 in Fighting
  3370 | D:3      | Found a bloodstained altar of Trog.
  3391 | D:3      | Reached skill level 1 in Conjurations
  3391 | D:3      | Reached XP level 5. HP: 26/37 MP: 3/13
  3832 | D:3      | Reached skill level 6 in Spellcasting
  4942 | D:4      | Noticed a phantom
  5023 | D:4      | Noticed an ogre
  5090 | D:4      | Noticed an ogre
  5090 | D:4      | Noticed a phantom
  5296 | D:4      | HP: 1/38 [orc/+0 dagger (4)]
  5296 | D:4      | Mangled by an orc priest

Levels and vault maps discovered:
D:1:      minmay_arrival_plants_in_alcoves, layout_basic,
          minmay_misc_feat_nine_boxes
D:2:      layout_loops_ring, lemuel_crystal_altar, minmay_tetromino_i2,
          uniq_robin
D:3:      cheibrodos_helix_gallery, layout_basic, bloody_trog
D:4:      layout_gridville, uniq_grinder, uniq_pikel

Skill      XL: |  1  2  3  4  5 |
---------------+----------------+-----
Spellcasting   | 5 6 |  6.2
Stealth        | 2 |  2.2
Dodging        | 2 |  2.3
Fighting       | 1 |  1.7
Conjurations   | 1 |  1.2
Short Blades   | |  0.2
Summonings     | |  0.7
Translocations | |  0.7

Action                   |  1- 3 |  4- 6 || total
-------------------------+-------+-------++-------
Melee: Dagger            |    13 |       ||    13
       Short sword       |    22 |    57 ||    79
 Cast: Magic Dart        |    87 |   136 ||   223
       Mephitic Cloud    |     3 |     4 ||     7
  Use: Scroll            |       |     3 ||     3
 Stab: Confused          |     3 |     1 ||     4
Armor: Robe              |     8 |    22 ||    30
Dodge: Dodged            |    25 |    65 ||    90

Table legend:
 A = Non-vault XP
 B = Vault XP
 C = Vault XP percentage of total XP
 D = Non-vault monster count
 E = Vault monster count
 F = Vault count percentage of total count
                 A         B        C        D         E       F
            +---------+---------+-------+---------+---------+-------
      Total |     259 |      35 |  11.9 |      75 |      12 |  13.8
            +---------+---------+-------+---------+---------+-------
        D:1 |      48 |       0 |   0.0 |      23 |       0 |   0.0
        D:2 |      77 |      33 |  30.0 |      18 |      10 |  35.7
        D:3 |     131 |       2 |   1.5 |      33 |       2 |   5.7
        D:4 |       3 |       0 |   0.0 |       1 |       0 |   0.0
            +---------+---------+-------+---------+---------+-------
